 Dungeon Crawl Stone Soup version 0.17-a0-2220-g6fea741 (webtiles) character file.

100 tp1 the Magician (level 4, 0/24 HPs)
             Began as a Deep Elf Conjurer on Oct 27, 2015.
             Killed from afar by Terence (6 damage)
             ... with a wand of magic darts
             ... on level 3 of the Dungeon on Oct 28, 2015.
             The game lasted 00:19:03 (2161 turns).

tp1 the Magician (Deep Elf Conjurer)                Turns: 2161, Time: 00:19:03

Health: 0/24       AC:  4    Str:  5    XL:     4   Next: 47%
Magic:  12/14      EV: 12    Int: 21    God:
Gold:   106        SH:  0    Dex: 15    Spells: 3 memorised, 9 levels left

rFire  . . .     SeeInvis .     g - +0 dagger (curse)
rCold  . . .     Clarity  .     u - +0 leather armour
rNeg   . . .     SustAt   .     (no shield)
rPois  .         Gourm    .     t - +0 helmet
rElec  .         Spirit   .     (no cloak)
rCorr  .         Warding  .     (no gloves)
rMut   .         Stasis   .     (no boots)
MR     .....                    (no amulet)
Stlth  ++........               (no ring)
                                (no ring)

@: invisible, not resistant to hostile enchantments, unstealthy
A: no striking features
a: no special abilities


You were on level 3 of the Dungeon.
You were not hungry.

You visited 1 branch of the dungeon, and saw 3 of its levels.

You collected 106 gold pieces.

Inventory:

Hand Weapons
 g - a cursed +0 dagger (weapon)
 i - a +1 dagger of venom
 j - a +0 short sword
Armour
 a - a +0 robe
 t - a +0 helmet (worn)
 u - a +0 leather armour (worn)
Jewellery
 e - an uncursed amulet of guardian spirit
Scrolls
 p - a scroll of blinking {unknown}
 s - a scroll of fear {unknown}
Potions
 n - a potion of brilliance
 q - a potion of might {unknown}
 r - a potion of heal wounds {unknown}
Books
 b - a book of Conjurations

   Spells                             Type                      Level
   a - Magic Dart                     Conjuration                  1
   b - Searing Ray                    Conjuration                  2
   c - Dazzling Spray                 Conjuration/Hexes            3
   d - Fulminant Prism                Conjuration/Hexes            4
   e - Iskenderun's Mystic Blast      Conjuration                  4
   f - Iskenderun's Battlesphere      Conjuration/Charms           5
Comestibles
 c - 4 bread rations
 d - a slice of pizza
 f - a beef jerky
 h - a chunk of flesh
 k - a meat ration
 m - 4 fruits


   Skills:
 + Level 0.2 Fighting
 - Level 2.4 Dodging
 - Level 2.4 Stealth
 + Level 6.4 Spellcasting
 - Level 4.3 Conjurations


You had 9 spell levels left.
You knew the following spells:

 Your Spells              Type           Power        Failure   Level  Hunger
a - Magic Dart            Conj           ####         3%          1    None
b - Searing Ray           Conj           ####..       6%          2    None
c - Dazzling Spray        Conj/Hex       ###.....     21%         3    #......


Dungeon Overview and Level Annotations

Branches:
Dungeon (3/15)

Altars:

Annotations:
D:3 Terence


Message History

Casting: Magic Dart
Confirm with . or Enter, or press ? or * to list all spells.
Aiming: Magic Dart
Press: ? - help, Shift-Dir - straight line, f/p - Terence
Aim: Terence, wielding an enchanted short sword, wearing a ring mail and carrying a wand of magic darts {zapped: 1} (lightly wounded)
The magic dart hits Terence.
Terence is lightly wounded.
Terence zaps a wand.
The magic dart hits you!
Really walk into that teleport trap?
You enter a teleport trap!
The teleport trap disappears.
Your surroundings suddenly seem different.
A bat, a ball python and a kobold come into view.
The kobold shouts!
Terence zaps a wand.
The magic dart hits you!
* * * LOW HITPOINT WARNING * * *
Found a viscous orange potion.
Drink which item? (? for menu, Esc to quit)
You fade into invisibility!
Terence zaps a wand.
The magic dart hits you!
You die...

#.#.#
#.#@#.##S##..
#.#.......K!.
#...........#
............#
...b.....#
#.......#
#.......#
#.....@.#
#########


You could see Terence, a bat, a ball python (wandering) and a kobold.

Vanquished Creatures
  4 adders (D:2)
  An ooze (D:1)
  A worm (D:1)
  An orc (D:3)
  3 ball pythons
  4 giant cockroaches
  4 goblins
  4 hobgoblins
  4 jackals (D:1)
  13 kobolds
  A quokka (D:2)
  8 bats
  A giant gecko (D:1)
  4 giant newts
  5 rats
58 creatures vanquished.

Notes
Turn   | Place    | Note
--------------------------------------------------------------
     0 | D:1      | tp1 the Deep Elf Conjurer began the quest for the Orb.
     0 | D:1      | Reached XP level 1. HP: 10/10 MP: 6/6
   281 | D:1      | Reached XP level 2. HP: 15/15 MP: 2/8
   285 | D:1      | Learned a level 2 spell: Searing Ray
   285 | D:1      | Upgraded the game from 0.17-a0-2215-g49c1de0 to 0.17-a0-2220-g6fea741
   938 | D:1      | Reached XP level 3. HP: 19/19 MP: 6/11
   990 | D:1      | Learned a level 3 spell: Dazzling Spray
  1078 | D:1      | Reached skill level 5 in Spellcasting
  1624 | D:2      | Reached XP level 4. HP: 22/24 MP: 4/13
  1666 | D:2      | Reached skill level 6 in Spellcasting
  2027 | D:3      | Noticed a hippogriff
  2156 | D:3      | Noticed Terence
  2161 | D:3      | Killed from afar by Terence

Vault maps used:
D:1:      minmay_arrival_arboretum_small
D:3:      nicolae_overflow_hidden_temple, grunt_temple_overflow_diamond,
          first_bread, bh_chokoban, uniq_terence, uniq_grinder

Action                   |  1- 3 |  4- 6 || total
-------------------------+-------+-------++-------
Melee: Dagger            |    12 |     6 ||    18
 Cast: Magic Dart        |    81 |    17 ||    98
       Searing Ray       |     4 |     3 ||     7
       Dazzling Spray    |       |     1 ||     1
  Use: Scroll            |       |     2 ||     2
       Potion            |       |     1 ||     1
  Eat: Chunk             |     2 |     2 ||     4
